AoeStats
← Imperator-Stitch

Arena

510143201Analyzed
1v1 RM · 3d ago on Sep 29, 2026· 47m 24s· 2 players
Game mode
Random Map
Map size
Tiny (2 player)
Population
200
Speed
Normal
Resources
Standard
Victory
Conquest
Starting age
Dark Age
Ending age
Imperial Age
RankedLock teamsTeams togetherTeam positionsShared explorationLock speedFull tech treeHidden civsTurbo modeCheats
Victory
Defeat
🇩🇪 Bohemians · Germany
558
+14
🇨🇳 Chinese · China
515
-14
2307142
12:21 Feudal Age
13:39 Wheelbarrow
12:52 Horse Collar
14:19 Gold Mining
19:41 Castle Age
20:45 Hand Cart
21:29 Gold Shaft Mining
20:51 Stone Mining
20:53 Double-Bit Axe
21:18 Husbandry
22:10 Stone Shaft Mining
22:55 Bow Saw
24:25 Heavy Plow
26:07 Light Cavalry
26:58 Bloodlines
30:45 Imperial Age
29:39 Loom
30:44 Ballistics
31:26 Town Watch
32:57 Two-Man Saw
35:01 Coinage
33:59 Man-at-Arms
33:59 Pikeman
35:51 Town Patrol
36:45 Banking
36:44 Scale Barding Armor
36:40 Scale Mail Armor
37:15 Long Swordsman
37:15 Halberdier
37:56 Squires
37:23 Cavalier
40:38 Two-Handed Swordsman
40:39 Elite Fire Lancer
41:05 Arson
41:45 Chain Barding Armor
41:41 Chain Mail Armor
41:27 Padded Archer Armor
41:18 Fletching
41:39 Forging
41:50 Champion
43:19 Plate Barding Armor
46:58 Elite Chu Ko Nu
Imperator-Stitch
8:11 Loom
13:01 Feudal Age
15:11 Double-Bit Axe
15:07 Horse Collar
18:17 Wheelbarrow
21:48 Castle Age
23:50 Bow Saw
23:44 Heavy Plow
26:00 Fervor
28:58 Chemistry
28:53 Hand Cart
28:43 Padded Archer Armor
28:34 Fletching
28:40 Fletching
29:14 Ballistics
35:40 Imperial Age
33:20 Padded Archer Armor
36:56 Leather Archer Armor
39:05 Conscription
38:51 Hussite Reforms
38:08 Elite Hussite Wagon
38:54 Wagenburg Tactics
39:37 Ring Archer Armor
39:04 Bodkin Arrow
40:18 Two-Man Saw
40:37 Masonry
40:34 Siege Engineers
40:16 Arrowslits
40:28 Murder Holes
40:32 Town Watch
41:50 Houfnice
43:07 Bracer
Connection lost

Rejoining the realm…

Still unreachable

The connection could not be restored.

Session expired

The server has moved on; the page needs a fresh start.